 Dungeon Crawl Stone Soup version 0.27.0-1-g7a089689b8 (webtiles) character file.

Game seed: 10452841612813949448

38 sanka the Conjurer (level 3, -1/26 HPs)
             Began as a Ghoul Conjurer on Aug 8, 2021.
             Slain by an iron imp (6 damage)
             ... summoned by Natasha
             ... on level 2 of the Dungeon.
             The game lasted 00:03:45 (2134 turns).

sanka the Conjurer (Ghoul Conjurer)                 Turns: 2134, Time: 00:03:46

Health: -1/26      AC:  3    Str: 10    XL:     3   Next: 43%
Magic:  0/5        EV: 11    Int: 14    God:
Gold:   30         SH:  0    Dex:  7    Spells: 3/6 levels left

rFire    . . .     SeeInvis .   f - +0 long sword
rCold    + . .     Faith    .   (no shield)
rNeg     + + +     Spirit   .   a - +0 robe
rPois    ∞         Reflect  .   (no helmet)
rElec    .         Harm     .   (no cloak)
rCorr    .         Rampage  .   i - +0 pair of gloves
Will     .....                  (no boots)
Stlth    ++........             (no amulet)
HPRegen  0.00/turn              (no ring)
MPRegen  0.09/turn              (no ring)

@: inhibited regen, slowed, very slow
A: claws 1, cold resistance 1, negative energy resistance 3, inhibited
regeneration, torment resistance 2
a: no special abilities


You were on level 2 of the Dungeon.
You visited 1 branch of the dungeon, and saw 2 of its levels.

You collected 30 gold pieces.


Innate Abilities, Weirdness & Mutations

You thrive by killing the living.
You are immune to poison.
You have sharp fingernails.
Your flesh is cold resistant. (rC+)
You are immune to negative energy. (rN+++)
You do not regenerate when monsters are visible.
You are immune to unholy pain and torment.


   Skills:
 - Level 1.7 Dodging
 - Level 2.1 Stealth
 - Level 2.0 Spellcasting
 + Level 4.1 Conjurations


You had 3 spell levels left.
You knew the following spells:

 Your Spells              Type           Power      Damage    Failure   Level
x - Searing Ray           Conj           26%        3d4       6%          2
z - Magic Dart            Conj           52%        1d5       4%          1

Your spell library contained the following spells:

 Spells                   Type           Power      Damage    Failure   Level
 Dazzling Flash           Conj/Hex       14%        N/A       30%         3
 Fulminant Prism          Conj/Hex       3%         3d6       69%         4
 Iskenderun's Mystic Bla  Conj/Tloc      7%         2d4       69%         4

Inventory:

Hand Weapons
 f - a +0 long sword (weapon)
Missiles
 j - 8 javelins
Armour
 a - a +0 robe (worn)
 i - a +0 pair of gloves (worn)
Wands
 l - a wand of digging (5)
Scrolls
 b - 3 scrolls of identify {unknown}
 c - 2 scrolls of teleportation {unknown}
 d - a scroll of holy word {unknown}
 e - 2 scrolls of amnesia {unknown}
 h - a scroll of acquirement {unknown}
 k - a scroll of fog {unknown}
Potions
 g - a potion of curing {unknown}

Dungeon Overview and Level Annotations

Branches:
Dungeon (2/15)

Altars:
Okawaru

Shops:
D:1 :

Annotations:
D:2 Natasha

▒▒▒<.▒▒▒ ▒▒...▒ ▒.▒ ▒.▒ ▒▒...▒
▒▒..▒▒ ▒.▒ ▒.▒ ▒▒▒▒.▒.▒ ▒...▒
▒.▒ ▒▒.▒ ......†▒▒▒▒▒▒▒..▒ ▒.▒
▒..▒ ▒..........▒ ▒..▒▒▒▒ ▒▒.▒
▒.▒▒ ▒........▒.▒ ▒.....▒▒▒..▒
▒.▒
▒........▒>▒▒▒▒.▒▒.▒▒..▒▒▒▒▒▒▒.▒
..▒▒▒▒▒.........5▒5▒▒.▒....▒▒<.▒
.. ▒▒▒▒.....>n...<......▒▒.▒▒ ..
▒▒▒▒▒▒▒h..........▒▒.▒ ..
▒..▒▒.>.....▒▒▒.▒
▒▒▒▒▒...▒▒▒.▒.▒...▒.▒
▒...........▒.▒▒▒...▒▒▒
▒▒.......▒▒▒▒▒..........
▒▒▒▒........▒ ▒▒▒........
▒......_..▒.▒▒ ▒▒.......
▒▒▒▒▒▒▒.....)......▒▒ ▒......÷


You could see an iron imp (summoned), Natasha and a shadow imp (summoned).


Message History

Natasha casts a spell at you.
You feel yourself slow down. Natasha casts a spell at you.
You resist with significant effort. Natasha claws you.
There is a stone staircase leading up here.
Aiming: Searing Ray (safe; 6% risk of failure)
Aim: Natasha (lightly wounded, 70% to hit)
The searing ray hits Natasha!
Natasha is heavily wounded. (Press . to maintain the ray.) Natasha casts a spell.
The searing ray hits Natasha!
Natasha is almost dead.
Natasha misses you.
You riposte.
You closely miss Natasha.
Natasha is almost dead.
The iron imp hits you.
* * * LOW HITPOINT WARNING * * *
Natasha claws you.
* * * LOW HITPOINT WARNING * * *
The searing ray misses Natasha.
Natasha mumbles some strange words.
The iron imp hits you but does no damage.
The searing ray misses Natasha.
You finish channeling your searing ray.
Natasha completely misses you. The iron imp hits you.
You die...

Action                   || total
-------------------------++-------
Melee: Unarmed           ||    23
       Long sword        ||    21
 Cast: Magic Dart        ||    61
       Searing Ray       ||     1
Armor: Robe              ||    27
Dodge: Dodged            ||    52
       Rpst.: Long sword ||     5

Levels and vault maps discovered:
D:1:      ncdulo_halloftheorcs, layout_basic, serial_shops, nicolae_diamond_shop
D:2:      layout_rooms, basic_altar, uniq_natasha

Notes
Turn   | Place    | Note
-------+----------+-------------------------------------------
     0 | D:1      | sanka the Ghoul Conjurer began the quest for the Orb.
     0 | D:1      | Reached XP level 1. HP: 14/14 MP: 2/2
   289 | D:1      | Reached skill level 2 in Spellcasting
   411 | D:1      | Found Uteaduk's Book Boutique.
   427 | D:1      | Reached XP level 2. HP: 20/20 MP: 0/4
   941 | D:1      | Reached XP level 3. HP: 11/26 MP: 2/5
  1131 | D:1      | Learned a level 2 spell: Searing Ray
  1609 | D:2      | Reached skill level 4 in Conjurations
  1732 | D:2      | Found an iron altar of Okawaru.
  2103 | D:2      | Noticed Natasha
  2134 | D:2      | Slain by an iron imp

Vanquished Creatures
  4 ball pythons
  5 endoplasms
  A giant cockroach (D:2)
  3 goblins
  3 hobgoblins (D:2)
  6 jackals (D:1)
  5 bats
  2 frilled lizards (D:1)
  A kobold (D:2)
  4 rats
34 creatures vanquished.
